 Dungeon Crawl Stone Soup version 0.21-a0-361-g4efd3f9 (webtiles) character file.

17 Irenicus the Insei (level 2, -1/31 HPs)
             Began as an Octopode Chaos Knight on Oct 13, 2017.
             Slain by an ooze (4 damage)
             ... on level 1 of the Dungeon.
             The game lasted 00:00:54 (257 turns).

Irenicus the Insei (Octopode Chaos Knight)           Turns: 257, Time: 00:00:55

Health: -1/31      AC:  1    Str: 16    XL:     2   Next: 62%
Magic:  2/2        EV: 13    Int: 14    God:    Xom [...*..]
Gold:   0          SH:  5    Dex: 11    Spells: 1/1 levels left

rFire    . . .     SeeInvis .     - Unarmed
rCold    . . .     Gourm    .   (no shield)
rNeg     . . .     Faith    .   (helmet restricted)
rPois    .         Spirit   .   f - +5 amulet of reflection
rElec    .         Reflect  +   (no ring)
rCorr    .         Harm     .   (no ring)
MR       .....                  (no ring)
Stlth    ..........             (no ring)
HPRegen  0.10/turn              (no ring)
MPRegen  0.08/turn              (no ring)
                                (no ring)
                                (no ring)

@: berserking, very quick
A: almost no armour, stealthy swim, amphibious, 8 rings, constrict 8, camouflage
1, gelatinous body 1
a: Renounce Religion


You were on level 1 of the Dungeon.
You worshipped Xom.
You were a favourite toy of Xom.
You were not hungry.

You visited 1 branch of the dungeon, and saw 1 of its levels.

Inventory:

Jewellery
 f - a +5 amulet of reflection (around mantle)
Scrolls
 c - a scroll of identify {unknown}
 e - a scroll of fear {unknown}
 g - a scroll of teleportation {unknown}
Comestibles
 a - a bread ration
 b - a royal jelly


   Skills:
 - Level 3.0 Fighting
 - Level 2.3 Dodging
 + Level 3.9 Unarmed Combat


You had one spell level left.
You didn't know any spells.

Dungeon Overview and Level Annotations

Branches:
Dungeon (1/15)

Altars:


Innate Abilities, Weirdness & Mutations

You cannot wear most types of armour.
You are very stealthy in the water. (Stealth+)
You are amphibious.
You can wear up to eight rings at the same time.
You can use your tentacles to constrict eight enemies at once.
Your skin changes colour to match your surroundings (Stealth+).
Your rubbery body absorbs attacks. (AC +1, EV +1)


Message History

* * * LOW HITPOINT WARNING * * *
You block the jackal's attack. The jackal bites you.
* * * LOW HITPOINT WARNING * * *
You closely miss the jackal. You grab the jackal.
The jackal is almost dead.
You constrict the jackal.
You kill the jackal!
The jackal completely misses you. The jackal closely misses you.
The jackal barely misses you. The ooze hits you.
* * * LOW HITPOINT WARNING * * *
A dart slug comes into view.
The jackal bites you.
* * * LOW HITPOINT WARNING * * *
It was a potion of berserk rage.
A red film seems to cover your vision as you go berserk!
You feel yourself moving faster!
You feel mighty!
Xom is mildly amused.
Xom thinks this is hilarious!
You block the jackal's attack. The ooze hits you.
You die...

... ...## ######## ....#
#......### ....#
#........#
....###........#
....##.........#######.#
....##..........@hh..w.#
....'............J†.......
....##.........##....#.##.
....#####......##....# #
....#####......##....#
..†.........#####...)#
............# ######
#####.... ............#
#...#.... ....##......##
#.8.#....


You could see an ooze, a dart slug and 2 jackals.

Vanquished Creatures
  A giant cockroach (D:1)
  A goblin (D:1)
  4 hobgoblins (D:1)
  2 jackals (D:1)
  3 kobolds (D:1)
  A bat (D:1)
  2 frilled lizards (D:1)
  A rat (D:1)
15 creatures vanquished.

Notes
Turn   | Place    | Note
-------+----------+-------------------------------------------
     0 | D:1      | Irenicus the Octopode Chaos Knight began the quest for the Orb.
     0 | D:1      | Reached XP level 1. HP: 16/16 MP: 1/1
    35 | D:1      | XOM: harmless Tloc miscast
   112 | D:1      | Reached XP level 2. HP: 12/21 MP: 2/2
   159 | D:1      | XOM: divination: magic mapping
   257 | D:1      | Slain by an ooze

Vault maps used:
D:1:      minmay_arrival_glassed_features, cheibriados_altar_1

Action                   || total
-------------------------++-------
Melee: Unarmed           ||    31
       Constrict         ||     8
       Tentacles         ||     5
  Use: Potion            ||     1
 Stab: Sleeping          ||     2
Armor: Skin              ||     3
Dodge: Dodged            ||    19
Block: Other             ||     3

Table legend:
 A = Spawn XP
 B = Non-spawn XP
 C = Spawn XP percentage of total XP
 D = Spawn monster count
 E = Non-spawn monster count
 F = Spawn count percentage of total count
 G = Total turns spent on level
                    A         B        C        D         E        F      G
               +---------+---------+-------+---------+---------+-------+---------
         Total |       0 |      25 |   0.0 |       0 |      15 |   0.0 |   257
               +---------+---------+-------+---------+---------+-------+---------
           D:1 |       0 |      25 |   0.0 |       0 |      15 |   0.0 |   257
               +---------+---------+-------+---------+---------+-------+---------
